 Seeded DCSS version 0.29.1-2-gbd0b4ee654 (webtiles) character file.

Game seed: 20221025 (custom seed)

732 Nerdsrcool the Spear-Bearer (level 7, -6/53 HPs)
             Began as a Merfolk Gladiator on Oct 25, 2022.
             Was a Follower of Wu Jian.
             Killed from afar by a quicksilver dragon (glowing shapeshifter) (30 damage)
             ... with a bolt of dispelling energy
             ... on level 5 of the Dungeon.
             The game lasted 00:37:51 (6107 turns).

Nerdsrcool the Spear-Bearer (Merfolk Gladiator)     Turns: 6107, Time: 00:37:52

Health: -6/53      AC: 14    Str: 14    XL:     7   Next: 73%
Magic:  17/17      EV:  8    Int: 13    God:    Wu Jian [*.....]
Gold:   296        SH:  5    Dex: 22    Spells: 6/6 levels left

rFire   + . .      SeeInvis .   a - +0 trident (chaos)
rCold   x . .      Faith    .   (no shield)
rNeg    . . .      Spirit   .   t - +0 chain mail
rPois   .          Reflect  +   k - +3 hat of Pondering {ponderous, Will+ MP+10 Int+5}
rElec   +          Harm     .   (no cloak)
rCorr   .          Rampage  .   b - +0 pair of gloves of Gehenna {rElec rF+ rC- Dex+5}
Will    +....                   l - +0 pair of boots
Stlth   ..........              n - amulet of reflection
HPRegen 0.17/turn               (no ring)
MPRegen 0.15/turn               (no ring)

@: slow
A: (nimble swimmer 2), mertail
a: Renounce Religion


You were on level 5 of the Dungeon.
You worshipped Wu Jian.
Wu Jian was aware of your devotion.
You visited 2 branches of the dungeon, and saw 6 of its levels.

You collected 296 gold pieces.

Inventory:

Hand Weapons
 a - a +0 trident of chaos (weapon)
 c - a +2 flail of draining
Missiles
 o - 2 poisoned darts
 s - a boomerang (quivered)
Armour
 b - the +0 pair of gloves of Gehenna (worn) {rElec rF+ rC- Dex+5}
   (You acquired it on level 3 of the Dungeon)

   Dex:       It affects your dexterity (+5).
   rF:        It protects you from fire.
   rC:        It makes you vulnerable to cold.
   rElec:     It insulates you from electricity.
 k - the +3 hat of Pondering (worn) {ponderous, Will+ MP+10 Int+5}
   (You found it on level 2 of the Dungeon)

   Int:       It affects your intelligence (+5).
   MP:        It affects your magic capacity (+10).
   Will:      It increases your willpower.
 l - a +0 pair of boots (worn)
 t - a +0 chain mail (worn)
Magical Staves
 e - a staff of air
 q - a staff of poison
Jewellery
 n - an amulet of reflection (around neck)
Wands
 d - a wand of paralysis (9)
 r - a wand of polymorph (2)
Scrolls
 f - 5 scrolls of amnesia
 h - a scroll of noise
 i - a scroll of identify
Potions
 g - 4 potions of degeneration
 j - a potion of berserk rage
 m - 4 potions of flight
 p - a potion of invisibility


   Skills:
 + Level 3.8 Fighting
 + Level 8.1 Polearms
 + Level 2.9 Throwing
 + Level 2.6 Armour
 + Level 5.0 Dodging
 + Level 1.2 Stealth
 + Level 1.5 Shields


You had 6 spell levels left.
You didn't know any spells.
Your spell library contained the following spells:

 Spells                   Type           Power      Damage    Failure   Level
 Necrotise                Necr           0%         1d4       100%        1
 Gell's Gravitas          Tloc           0%         N/A       100%        3
 Ignite Poison            Fire/Tmut/Pois 0%         N/A       100%        3
 Lesser Beckoning         Tloc           0%         N/A       100%        3
 Mephitic Cloud           Conj/Pois/Air  0%         N/A       100%        3
 Teleport Other           Tloc           0%         N/A       100%        3
 Vampiric Draining        Necr           0%         2d6       100%        3
 Agony                    Necr           0%         N/A       100%        5
 Freezing Cloud           Conj/Ice/Air   0%         6-21      100%        5


Dungeon Overview and Level Annotations

Branches:
Dungeon (5/15)             Temple (1/1) D:4

Altars:
Ashenzari
Cheibriados
Dithmenos
Elyvilon
Fedhas
Gozag
Kikubaaqudgha
Makhleb
Nemelex Xobeh
Qazlal
Ru
Sif Muna
Trog
Wu Jian
Xom
Yredelemnul
Zin
The Shining One


Innate Abilities, Weirdness & Mutations

((You are very nimble when in or above water. (Stealth+, EV+, Speed+++)))
Your lower body shifts to a powerful aquatic tail in water.


Message History

The eleionoma changes into an azure jelly!
You throw a boomerang.
The boomerang closely misses the azure jelly.
You throw a boomerang. The boomerang hits the azure jelly.
The azure jelly is lightly wounded.
The azure jelly changes into a stone giant!
You throw a boomerang. The boomerang hits the stone giant.
The stone giant is lightly wounded.
You throw a boomerang.
The boomerang barely misses the stone giant.
You throw a boomerang.
The boomerang hits the stone giant but does no damage.
The stone giant is lightly wounded.
You throw a boomerang.
The boomerang hits the stone giant but does no damage.
You throw a boomerang.
The boomerang hits the stone giant but does no damage.
The stone giant changes into a quicksilver dragon!
You throw a boomerang.
The boomerang closely misses the quicksilver dragon.
The quicksilver dragon breathes dispelling energy at you.
The bolt of dispelling energy hits you!!
Ouch! That really hurt!
You hear a shout!
You are too injured to fight recklessly!
You are too injured to fight recklessly!
You are too injured to fight recklessly!
You are too injured to fight recklessly!
You lunge at the quicksilver dragon.
You puncture the quicksilver dragon! You burn the quicksilver dragon.
The quicksilver dragon is lightly wounded.
The quicksilver dragon bites you.
The quicksilver dragon barely misses you.
The quicksilver dragon closely misses you. x2
You hit the quicksilver dragon. You burn the quicksilver dragon.
The quicksilver dragon is lightly wounded.
The quicksilver dragon breathes dispelling energy at you.
The bolt of dispelling energy hits you!!
Ouch! That really hurt!
You die...

####..# ##.###............
#..####..# #............
##.......# #............
####.......####............
#......###..##.............
...##..# ##................
.#####.## #..#.............
.## #..# #.##.............
..# #..###.##..@..........
#.####...#..##...D.........
#....##.....##.............
#............#.............
#.....#......).............
.....###.....).............
....## #.....[............
...## #....###..........
..## #...## #.........


You could see a quicksilver dragon shaped shifter (catching breath).

Vanquished Creatures
  A sky beast (D:5)
  3 scorpions
  3 hounds
  2 orc priests
  Ijyb (D:5)
  2 iguanas (D:5)
  2 orc wizards
  7 adders
  An ufetubus (D:5)
  A worm (D:3)
  3 dart slugs
  20 orcs
  5 ball pythons
  6 endoplasms
  3 giant cockroaches
  7 goblins
  8 hobgoblins
  3 jackals (D:2)
  9 kobolds
  5 quokkas
  5 bats
  9 frilled lizards
  3 rats (D:2)
109 creatures vanquished.

Notes
Turn   | Place    | Note
-------+----------+-------------------------------------------
     0 | D:1      | Nerdsrcool the Merfolk Gladiator began the quest for the
                  | Orb.
     0 | D:1      | Reached XP level 1. HP: 16/16 MP: 1/1
    98 | D:1      | Reached XP level 2. HP: 15/22 MP: 2/2
   417 | D:1      | You fall into a shaft and drop 1 floor!
   491 | D:2      | Found the +3 hat of Pondering {ponderous, Will+ MP+10
                  | Int+5}
   520 | D:2      | Reached XP level 3. HP: 10/28 MP: 3/3
  1501 | D:2      | Reached XP level 4. HP: 17/34 MP: 4/4
  1711 | D:2      | Reached skill level 5 in Polearms
  2831 | D:3      | Found an opulent altar of Gozag.
  3260 | D:3      | Found a faded altar of an unknown god.
  3354 | D:3      | Reached skill level 1 in Armour
  3653 | D:3      | Identified a scroll of acquirement
  3653 | D:3      | Acquired the +0 pair of gloves of Gehenna {rElec rF+ rC-
                  | Dex+5}
  3765 | D:4      | Noticed a scorpion
  3789 | D:3      | Killed a scorpion
  3790 | D:3      | Reached skill level 6 in Polearms
  3790 | D:3      | Reached skill level 1 in Stealth
  3790 | D:3      | Reached XP level 5. HP: 15/39 MP: 5/5
  4026 | D:3      | Reached XP level 6. HP: 27/46 MP: 6/6
  4342 | D:4      | Found a staircase to the Ecumenical Temple.
  4379 | Temple   | Entered the Ecumenical Temple
  4386 | Temple   | Became a worshipper of the Wu Jian Council
  4601 | D:4      | Reached skill level 7 in Polearms
  4999 | D:5      | Entered Level 5 of the Dungeon
  5055 | D:5      | Reached XP level 7. HP: 52/52 MP: 7/7
  5264 | D:5      | Reached skill level 1 in Shields
  5398 | D:5      | Reached * piety under Wu Jian
  5465 | D:5      | Noticed a glowing shapeshifter
  5465 | D:5      | a hound changed into a glowing shapeshifter
  5466 | D:5      | Noticed a steelbarb worm
  5466 | D:5      | a glowing shapeshifter changed into a steelbarb worm
  5469 | D:5      | Noticed a snapping turtle
  5469 | D:5      | a steelbarb worm changed into a snapping turtle
  5475 | D:5      | Noticed a swamp worm
  5475 | D:5      | a snapping turtle changed into a swamp worm
  5476 | D:5      | Noticed a glowing shapeshifter
  5476 | D:5      | a swamp worm changed into a glowing shapeshifter
  5476 | D:5      | Noticed a manticore
  5476 | D:5      | a glowing shapeshifter changed into a manticore
  5821 | D:5      | Noticed Ijyb
  5837 | D:5      | Reached skill level 8 in Polearms
  5837 | D:5      | Reached skill level 5 in Dodging
  5847 | D:5      | Killed Ijyb
  6097 | D:5      | Noticed an eleionoma
  6097 | D:5      | Noticed an azure jelly
  6097 | D:5      | an eleionoma changed into an azure jelly
  6099 | D:5      | Noticed a stone giant
  6099 | D:5      | an azure jelly changed into a stone giant
  6104 | D:5      | Noticed a quicksilver dragon
  6104 | D:5      | a stone giant changed into a quicksilver dragon
  6107 | D:5      | Killed from afar by a quicksilver dragon (glowing
                  | shapeshifter)

Illustrated notes

Levels and vault maps discovered:
D:1:      saegor_arrival_simple_d, layout_loops_ring, hex_tiny
D:2:      layout_rooms, roderic_lattice_a, minmay_divided_ellipse
D:3:      layout_basic, grunt_gozag_statues, ebering_ecumenical_altar_abandoned
D:4:      cheibrodos_pilgrimage, layout_loops_ring, minmay_temple_entry_tees,
          nicolae_ossuary_entry_ruins, serial_glass, glass_columns_c,
          glass_columns_c, minmay_misc_feat_secret_circle
D:5:      layout_layer_cave, uniq_ijyb, uniq_duvessa
Temple:   sentei_temple_godly_chess

Skill      XL: |  1  2  3  4  5  6  7 |
---------------+----------------------+-----
Polearms       | 6 7 8 |  8.1
Armour         | 1 2 |  2.6
Stealth        | 1 |  1.2
Fighting       | 3 |  3.8
Shields        | 1 |  1.5
Dodging        | 5 |  5.0
Throwing       | |  2.9

Action                   |  1- 3 |  4- 6 |  7- 9 || total
-------------------------+-------+-------+-------++-------
Melee: Trident           |   119 |   214 |    90 ||   423
       Punch             |     2 |     1 |     5 ||     8
Throw: Throwing net      |     3 |     1 |       ||     4
       Javelin           |     4 |     4 |       ||     8
       Dart              |       |    12 |    10 ||    22
       Boomerang         |       |       |     8 ||     8
Invok: Lunge             |       |       |     1 ||     1
Evoke: Wand              |       |       |     2 ||     2
  Use: Scroll            |     4 |    10 |     2 ||    16
       Potion            |     3 |     5 |     1 ||     9
 Stab: Sleeping          |     4 |       |       ||     4
       Held in net/web   |     1 |       |       ||     1
Armor: Leather armour    |    32 |    11 |       ||    43
       Chain mail        |       |   110 |    42 ||   152
       Ring mail         |       |    10 |       ||    10
Dodge: Dodged            |    77 |    87 |    24 ||   188
Block: Other             |       |    42 |    15 ||    57
